Americans vs Phantoms

Created - Monday, December 01, 2014 at 21:35

Goals
1 2 3 OT1 SO T
Americans 0 0 1 0 2 2
Phantoms 0 1 0 0 0 1
Shots
1 2 3 OT1 SO T
Americans 8 6 7 6 2 27
Phantoms 8 7 9 3 2 27

1st period

No Goal

Penalties :
Zack Stortini (ADR) for Fighting (Major) at 0:42, Peter Andersson (RCH) for Fighting (Major) at 0:42, Dylan DeMelo (RCH) for Holding (Minor) at 7:32

2nd period

1. Phantoms , Garrett Wilson 7 (Martin Gernat, Zack Stortini) at 12:41 (PP)

Penalties :
Garnet Exelby (ADR) for Interference (Minor) at 0:26, Farm Player8 (RCH) for Tripping (Minor) at 5:05, Farm Player8 (RCH) for Holding (Minor) at 11:16, Garnet Exelby (ADR) for Fighting (Major) at 15:23, Kale Kessy (RCH) for Fighting (Major) at 15:23

3rd period

2. Americans , Jack Skille 16 (Jerome Samson) at 12:12 (PP)

Penalties :
Adam Lowry (ADR) for Fighting (Major) at 0:25, Doug Janik (RCH) for Fighting (Major) at 0:25, Zack FitzGerald (ADR) for Tripping (Minor) at 2:41, Mark Van Guilder (ADR) for Interference (Minor) at 11:15, Zack Stortini (ADR) for Fighting (Major) at 12:24, Kale Kessy (RCH) for Fighting (Major) at 12:24

Overtime #1

No Goal

Penalties :
No Penalty

Shootout

Penalty Shot by Max Reinhart for Americans - Goal!
Penalty Shot by Dmitrij Jaskin for Phantoms - Shot Misses the Net
Penalty Shot by Jerome Samson for Americans - Goal!
Penalty Shot by Adam Lowry for Phantoms - Shot Misses the Net

Penalties :
No Penalty

Goalie Stats

Petr Mrazek (RCH), 26 saves from 27 shots - (0.963), W, 17-2-1, 65:00 minutes
Marek Mazanec (ADR), 26 saves from 27 shots - (0.963), OTL, 2-1-5, 65:00 minutes

Players Stats for Americans

Player Name              G  A  P  +/- PIM S  H  SB GA TA FO     MP     PP MP  PK MP  
------------------------------------------------------------------------------------
Davis Drewiske           0  0  0   0  0   1  0  2  1  1  0/0    14:26   1:59   0:00 
Doug Janik               0  0  0   0  5   2  0  1  0  2  0/0    20:39   1:40   3:22 
Dylan DeMelo             0  0  0   0  2   0  3  2  1  3  0/0    22:49   1:16   0:49 
Farm Player30            0  0  0   0  0   0  0  0  0  0  0/0     5:01   0:00   0:56 
Farm Player8             0  0  0   0  4   0  1  0  0  0  1/2    17:35   0:00   1:03 
Farm Player9             0  0  0   0  0   0  0  0  0  0  0/0    17:08   0:00   2:31 
Jack Skille              1  0  1   0  0   3  2  0  4  2  1/1    17:27   2:53   1:00 
Jerome Samson            0  1  1   0  0   6  3  0  3  0  0/2    24:38   2:53   3:10 
Kale Kessy               0  0  0   0  10  0  1  0  0  0  0/0    12:36   0:00   0:00 
Kevin Sundher            0  0  0   0  0   2  1  0  1  0  1/3    10:58   0:00   0:00 
Max Reinhart             0  0  0   0  0   1  4  0  1  1  8/14   25:40   2:26   1:37 
Maxime Sauve             0  0  0   0  0   0  3  2  0  1  0/0    19:30   2:02   0:00 
Nate Schmidt             0  0  0   0  0   0  0  0  0  0  0/0     0:00   0:00   0:00 
Nick Cousins             0  0  0   0  0   2  1  0  1  1  5/10   13:32   0:27   0:00 
Nick Drazenovic          0  0  0   0  0   3  3  1  0  1  4/9    19:30   2:02   0:00 
Peter Andersson          0  0  0   0  5   1  1  1  2  0  0/0    21:45   1:16   2:01 
Rasmus Ristolainen       0  0  0   0  0   3  4  0  5  3  0/0    30:22   3:39   4:03 
Spencer Abbott           0  0  0   0  0   3  2  0  3  1  1/1    20:49   2:02   1:00 

Players Stats for Phantoms

Player Name              G  A  P  +/- PIM S  H  SB GA TA FO     MP     PP MP  PK MP  
------------------------------------------------------------------------------------
Adam Lowry               0  0  0   0  5   2  0  0  5  1  6/11   20:17   2:45   2:30 
Bryan Lerg               0  0  0   0  0   5  1  1  3  0  6/11   19:21   2:38   1:05 
Chris Langkow            0  0  0   0  0   1  1  0  0  0  1/3    12:20   1:00   0:00 
Denver Manderson         0  0  0   0  0   1  0  0  1  1  0/0    17:22   0:00   1:18 
Dmitrij Jaskin           0  0  0   0  0   5  2  0  11 1  3/6    24:16   1:33   3:21 
Garnet Exelby            0  0  0   0  7   3  1  5  0  0  0/0    21:45   2:51   1:49 
Garrett Wilson           1  0  1   0  0   2  3  0  1  1  0/0    17:26   2:38   0:00 
Greg Zanon               0  0  0   0  0   0  4  1  0  2  0/0    26:20   2:51   3:28 
Harri Pesonen            0  0  0   0  0   0  1  0  0  1  1/1    16:59   2:45   0:26 
Jerome Gauthier-Leduc    0  0  0   0  0   1  0  0  0  1  0/0    23:57   2:32   1:27 
Jonathan Hazen           0  0  0   0  0   0  1  0  0  0  0/0    13:15   0:00   0:00 
Josh Lunden              0  0  0   0  0   0  0  0  0  0  0/0     9:41   0:00   1:10 
Keegan Lowe              0  0  0   0  0   0  2  2  0  2  0/0    17:16   0:00   0:00 
Mark Van Guilder         0  0  0   0  2   5  0  2  3  0  4/10   18:29   0:12   0:00 
Martin Gernat            0  1  1   0  0   1  3  0  3  2  0/0    23:57   2:32   1:27 
Steve MacIntyre          0  0  0   0  0   0  0  0  0  0  0/0     0:00   0:00   0:00 
Zack FitzGerald          0  0  0   0  2   1  0  0  0  1  0/0    16:49   0:00   1:39 
Zack Stortini            0  1  1   0  10  0  7  1  1  1  0/0    15:23   2:38   0:00 

3 Stars

1 - Marek Mazanec (ADR)
2 - Petr Mrazek (RCH)
3 - Garrett Wilson (ADR)

Power Play

Americans - 1 on 3 Attempt(s) - 33.33%
Phantoms - 1 on 3 Attempt(s) - 33.33%

Penalty Kill

Americans - 2 on 3 Attempt(s) - 66.67% - Score 0 goal in Penalty Kill
Phantoms - 2 on 3 Attempt(s) - 66.67% - Score 0 goal in Penalty Kill

Official

Referees : Unknown
Linesman : Unknown

Game Notes

Zack Stortini and Peter Andersson fight to a draw at 0:42 of 1st period
Garnet Exelby and Kale Kessy fight to a draw at 15:23 of 2nd period
Kevin Sundher is injured at 19:35 of 2nd period (Lower Body)
Adam Lowry and Doug Janik fight to a draw at 0:25 of 3rd period
Zack Stortini and Kale Kessy fight to a draw at 12:24 of 3rd period

Finance

Level 1 -- Attendance: 1544 (77.20%) -- Ticket Income $33,968
Level 2 -- Attendance: 822 (82.20%) -- Ticket Income $6,576
Total Attendance: 2366 (78.87%)
Total Ticket Income: $40,544
Other Income: $19,867
Total Income: $60,411

Americans

5 vs 5 Forward 
   Center                   Left Wing                Right Wing               Time % Phy DF OF 
 1 Max Reinhart             Jack Skille              Jerome Samson            35     1   2  2  
 2 Nick Drazenovic          Maxime Sauve             Spencer Abbott           30     1   2  2  
 3 Kevin Sundher            Max Reinhart             Kale Kessy               22     1   2  2  
 4 Nick Cousins             Max Reinhart             Jerome Samson            13     1   2  2  

5 vs 5 Defense 
   Defense                  Defense                                           Time % Phy DF OF 
 1 Rasmus Ristolainen       Doug Janik                                        35     1   2  2  
 2 Dylan DeMelo             Peter Andersson                                   30     1   2  2  
 3 Davis Drewiske           Rasmus Ristolainen                                22     1   2  2  
 4 Farm Player8             Farm Player9                                      13     1   2  2  

PowerPlay Forward 
   Center                   Left Wing                Right Wing               Time % Phy DF OF 
 1 Max Reinhart             Jack Skille              Jerome Samson            60     1   2  2  
 2 Nick Drazenovic          Maxime Sauve             Spencer Abbott           40     1   2  2  

PowerPlay Defense
   Defense                  Defense                                           Time % Phy DF OF 
 1 Rasmus Ristolainen       Doug Janik                                        60     1   2  2  
 2 Dylan DeMelo             Peter Andersson                                   40     1   2  2  

Penalty Kill 4 Players Forward 
   Center                   Wing                     Time % Phy DF OF 
 1 Max Reinhart             Jerome Samson            60     1   2  2  
 2 Jack Skille              Spencer Abbott           40     1   2  2  

Penalty Kill 4 Players Defense
   Defense                  Defense                  Time % Phy DF OF 
 1 Rasmus Ristolainen       Doug Janik               60     1   2  2  
 2 Dylan DeMelo             Peter Andersson          40     1   2  2  

Penalty Kill - 3 Players Forward 
   Forward                                           Time % Phy DF OF 
 1 Max Reinhart                                      60     1   2  2  
 2 Jerome Samson                                     40     1   2  2  

Penalty Kill - 3 Players Defense
   Defense                  Defense                  Time % Phy DF OF 
 1 Rasmus Ristolainen       Doug Janik               60     1   2  2  
 2 Dylan DeMelo             Peter Andersson          40     1   2  2  

4 vs 4 Forward 
   Center                   Wing                     Time % Phy DF OF 
 1 Max Reinhart             Jerome Samson            60     1   2  2  
 2 Jack Skille              Spencer Abbott           40     1   2  2  

4 vs 4 Defense
   Defense                  Defense                  Time % Phy DF OF 
 1 Rasmus Ristolainen       Doug Janik               60     1   2  2  
 2 Dylan DeMelo             Peter Andersson          40     1   2  2  

Last Minutes Offensive
   Center                   Left Wing                Right Wing               Defense                  Defense                  
   Max Reinhart             Jack Skille              Jerome Samson            Rasmus Ristolainen       Doug Janik               

Last Minutes Defensive
   Center                   Left Wing                Right Wing               Defense                  Defense                  
   Max Reinhart             Jack Skille              Jerome Samson            Rasmus Ristolainen       Doug Janik               

Goaltenders
Starting : Petr Mrazek              
Backup : Louis Domingue           

Extra Forwards
Normal : Kevin Sundher, Nick Cousins, Max Reinhart - PP : Kevin Sundher, Nick Cousins - PK : Max Reinhart
Extra Defensemen
Normal : Davis Drewiske, Rasmus Ristolainen, Farm Player8 - PP : Davis Drewiske - PK : Rasmus Ristolainen, Farm Player8
Penalty Shots
Max Reinhart, Jerome Samson, Jack Skille, Spencer Abbott, Nick Drazenovic

Phantoms

5 vs 5 Forward 
   Center                   Left Wing                Right Wing               Time % Phy DF OF 
 1 Adam Lowry               Dmitrij Jaskin           Harri Pesonen            35     1   2  2  
 2 Bryan Lerg               Garrett Wilson           Zack Stortini            30     1   2  2  
 3 Mark Van Guilder         Denver Manderson         Jonathan Hazen           22     1   2  2  
 4 Chris Langkow            Josh Lunden              Dmitrij Jaskin           13     1   2  2  

5 vs 5 Defense 
   Defense                  Defense                                           Time % Phy DF OF 
 1 Garnet Exelby            Greg Zanon                                        35     1   2  2  
 2 Martin Gernat            Jerome Gauthier-Leduc                             30     1   2  2  
 3 Keegan Lowe              Zack FitzGerald                                   22     1   2  2  
 4 Garnet Exelby            Greg Zanon                                        13     1   2  2  

PowerPlay Forward 
   Center                   Left Wing                Right Wing               Time % Phy DF OF 
 1 Adam Lowry               Dmitrij Jaskin           Harri Pesonen            60     1   2  2  
 2 Bryan Lerg               Garrett Wilson           Zack Stortini            40     1   2  2  

PowerPlay Defense
   Defense                  Defense                                           Time % Phy DF OF 
 1 Garnet Exelby            Greg Zanon                                        60     1   2  2  
 2 Martin Gernat            Jerome Gauthier-Leduc                             40     1   2  2  

Penalty Kill 4 Players Forward 
   Center                   Wing                     Time % Phy DF OF 
 1 Dmitrij Jaskin           Adam Lowry               60     1   2  2  
 2 Harri Pesonen            Bryan Lerg               40     1   2  2  

Penalty Kill 4 Players Defense
   Defense                  Defense                  Time % Phy DF OF 
 1 Garnet Exelby            Greg Zanon               60     1   2  2  
 2 Martin Gernat            Jerome Gauthier-Leduc    40     1   2  2  

Penalty Kill - 3 Players Forward 
   Forward                                           Time % Phy DF OF 
 1 Dmitrij Jaskin                                    60     1   2  2  
 2 Adam Lowry                                        40     1   2  2  

Penalty Kill - 3 Players Defense
   Defense                  Defense                  Time % Phy DF OF 
 1 Garnet Exelby            Greg Zanon               60     1   2  2  
 2 Martin Gernat            Jerome Gauthier-Leduc    40     1   2  2  

4 vs 4 Forward 
   Center                   Wing                     Time % Phy DF OF 
 1 Dmitrij Jaskin           Adam Lowry               60     1   2  2  
 2 Harri Pesonen            Bryan Lerg               40     1   2  2  

4 vs 4 Defense
   Defense                  Defense                  Time % Phy DF OF 
 1 Garnet Exelby            Greg Zanon               60     1   2  2  
 2 Martin Gernat            Jerome Gauthier-Leduc    40     1   2  2  

Last Minutes Offensive
   Center                   Left Wing                Right Wing               Defense                  Defense                  
   Adam Lowry               Dmitrij Jaskin           Harri Pesonen            Garnet Exelby            Greg Zanon               

Last Minutes Defensive
   Center                   Left Wing                Right Wing               Defense                  Defense                  
   Adam Lowry               Dmitrij Jaskin           Harri Pesonen            Garnet Exelby            Greg Zanon               

Goaltenders
Starting : Marek Mazanec            
Backup : Johan Hedberg            

Extra Forwards
Normal : Mark Van Guilder, Chris Langkow, Denver Manderson - PP : Mark Van Guilder, Chris Langkow - PK : Denver Manderson
Extra Defensemen
Normal : Keegan Lowe, Zack FitzGerald, Martin Gernat - PP : Keegan Lowe - PK : Zack FitzGerald, Martin Gernat
Penalty Shots
Dmitrij Jaskin, Adam Lowry, Harri Pesonen, Bryan Lerg, Garrett Wilson

% Time on Ice - Americans

Lines # - Real PCT - Wanted PCT - Time Play
Normal Forward
1 - 27% - 35% - 13:28
2 - 36% - 30% - 17:47
3 - 31% - 22% - 15:20
4 - 6% - 13% - 3:07
Normal Defense
1 - 28% - 35% - 14:05
2 - 37% - 30% - 18:13
3 - 16% - 22% - 8:12
4 - 19% - 13% - 9:12
PP Forward
1 - 59% - 60% - 2:53
2 - 41% - 40% - 2:02
PP Defense
1 - 74% - 60% - 3:39
2 - 26% - 40% - 1:16
PK Forward
1 - 81% - 60% - 4:23
2 - 19% - 40% - 1:00
PK Defense
1 - 63% - 60% - 3:22
2 - 37% - 40% - 2:01
PK3 Forward
1 - 0% - 60%
2 - 0% - 40%
PK3 Defense
1 - 0% - 60%
2 - 0% - 40%
44 Forward
1 - 100% - 60% - 5:00
2 - 0% - 40% - 0:00
44 Defense
1 - 52% - 60% - 2:36
2 - 48% - 40% - 2:24
Last Minute Offensive  - 0:00
Last Minute Defensive  - 0:00
Total
Forward - 65:00
Defense - 65:00

% Time on Ice - Phantoms

Lines # - Real PCT - Wanted PCT - Time Play
Normal Forward
1 - 27% - 35% - 13:16
2 - 30% - 30% - 14:48
3 - 27% - 22% - 13:15
4 - 17% - 13% - 8:23
Normal Defense
1 - 30% - 35% - 15:07
2 - 35% - 30% - 17:30
3 - 30% - 22% - 14:42
4 - 5% - 13% - 2:23
PP Forward
1 - 51% - 60% - 2:45
2 - 49% - 40% - 2:38
PP Defense
1 - 53% - 60% - 2:51
2 - 47% - 40% - 2:32
PK Forward
1 - 91% - 60% - 4:29
2 - 9% - 40% - 0:26
PK Defense
1 - 71% - 60% - 3:28
2 - 29% - 40% - 1:27
PK3 Forward
1 - 0% - 60%
2 - 0% - 40%
PK3 Defense
1 - 0% - 60%
2 - 0% - 40%
44 Forward
1 - 86% - 60% - 4:19
2 - 14% - 40% - 0:41
44 Defense
1 - 50% - 60% - 2:31
2 - 50% - 40% - 2:29
Last Minute Offensive  - 0:00
Last Minute Defensive  - 0:00
Total
Forward - 65:00
Defense - 65:00

Play by Play

1st period


0:01 of 1st period - Adam Lowry wins face-off versus Max Reinhart in neutral zone.
0:15 of 1st period - Greg Zanon is hit by Max Reinhart and loses puck.
0:29 of 1st period - Wrist shot by Jerome Samson.
0:29 of 1st period - Deflect By Garnet Exelby.
0:29 of 1st period - Stopped by Marek Mazanec without a rebound.
0:30 of 1st period - Nick Drazenovic wins face-off versus Bryan Lerg in Phantoms zone.
0:42 of 1st period - Zack Stortini and Peter Andersson fight to a draw.
0:42 of 1st period - Penalty to Zack Stortini for Fighting.
0:42 of 1st period - Penalty to Peter Andersson for Fighting.
0:43 of 1st period - Kevin Sundher wins face-off versus Mark Van Guilder in Phantoms zone.
0:44 of 1st period - Slapshot by Rasmus Ristolainen.
0:44 of 1st period - Shot Misses the Net.
1:04 of 1st period - Snap shot by Mark Van Guilder.
1:04 of 1st period - Stopped by Petr Mrazek with a rebound.
1:06 of 1st period - Snap shot by Mark Van Guilder.
1:06 of 1st period - Stopped by Petr Mrazek with a rebound.
1:08 of 1st period - Snap shot by Keegan Lowe.
1:08 of 1st period - Shot Blocked by Davis Drewiske.
1:10 of 1st period - Slapshot by Keegan Lowe.
1:10 of 1st period - Shot Blocked by Davis Drewiske.
1:16 of 1st period - Slapshot by Denver Manderson.
1:16 of 1st period - Stopped by Petr Mrazek without a rebound.
1:17 of 1st period - Nick Drazenovic wins face-off versus Bryan Lerg in Americans zone.
1:38 of 1st period - Wrist shot by Nick Drazenovic.
1:38 of 1st period - Stopped by Marek Mazanec with a rebound.
2:42 of 1st period - Chris Langkow is hit by Rasmus Ristolainen and loses puck.
2:49 of 1st period - Snap shot by Kevin Sundher.
2:49 of 1st period - Shot Misses the Net.
3:11 of 1st period - Spencer Abbott is hit by Garrett Wilson and loses puck.
3:24 of 1st period - Wrist shot by Bryan Lerg.
3:24 of 1st period - Shot Misses the Net.
3:26 of 1st period - Snap shot by Garrett Wilson.
3:26 of 1st period - Shot Blocked by Maxime Sauve.
3:28 of 1st period - Slapshot by Bryan Lerg.
3:28 of 1st period - Shot Blocked by Nick Drazenovic.
3:56 of 1st period - Wrist shot by Jerome Samson.
3:56 of 1st period - Shot Misses the Net.
4:16 of 1st period - Slapshot by Garnet Exelby.
4:16 of 1st period - Stopped by Petr Mrazek without a rebound.
4:17 of 1st period - Mark Van Guilder wins face-off versus Kevin Sundher in Americans zone.
6:00 of 1st period - Spencer Abbott is hit by Keegan Lowe and loses puck.
6:11 of 1st period - Garnet Exelby is hit by Maxime Sauve and loses puck.
6:32 of 1st period - Slapshot by Rasmus Ristolainen.
6:32 of 1st period - Deflect By Mark Van Guilder.
6:32 of 1st period - Stopped by Marek Mazanec with a rebound.
6:34 of 1st period - Snap shot by Nick Cousins.
6:34 of 1st period - Shot Blocked by Mark Van Guilder.
6:52 of 1st period - Adam Lowry is hit by Jerome Samson and loses puck.
6:59 of 1st period - Dmitrij Jaskin is hit by Farm Player8 and loses puck.
7:22 of 1st period - Wrist shot by Garrett Wilson.
7:22 of 1st period - Shot Blocked by Dylan DeMelo.
7:24 of 1st period - Slapshot by Keegan Lowe.
7:24 of 1st period - Shot Blocked by Dylan DeMelo.
7:32 of 1st period - Minor Penalty to Dylan DeMelo for Holding.
7:33 of 1st period - Harri Pesonen wins face-off versus Max Reinhart in Americans zone.
7:48 of 1st period - Wrist shot by Dmitrij Jaskin.
7:48 of 1st period - Shot Misses the Net.
7:50 of 1st period - Slapshot by Garnet Exelby.
7:50 of 1st period - Stopped by Petr Mrazek without a rebound.
7:51 of 1st period - Max Reinhart wins face-off versus Adam Lowry in Americans zone.
8:23 of 1st period - Jack Skille is hit by Zack Stortini and loses puck.
8:38 of 1st period - Adam Lowry is hit by Jerome Samson and loses puck.
9:25 of 1st period - Rasmus Ristolainen is hit by Zack Stortini and loses puck.
9:32 of 1st period - Penalty to Dylan DeMelo is over, Dylan DeMelo is back on ice.
10:03 of 1st period - Snap shot by Denver Manderson.
10:03 of 1st period - Deflect By Mark Van Guilder.
10:03 of 1st period - Shot Misses the Net.
10:03 of 1st period - Puck is out of play.
10:04 of 1st period - Mark Van Guilder wins face-off versus Nick Drazenovic in Americans zone.
10:49 of 1st period - Chris Langkow is hit by Kevin Sundher and loses puck.
10:56 of 1st period - Max Reinhart is hit by Dmitrij Jaskin and loses puck.
11:25 of 1st period - Wrist shot by Nick Drazenovic.
11:25 of 1st period - Shot Misses the Net.
11:54 of 1st period - Jerome Samson is hit by Zack Stortini and loses puck.
12:49 of 1st period - Slapshot by Garnet Exelby.
12:49 of 1st period - Stopped by Petr Mrazek with a rebound.
12:51 of 1st period - Wrist shot by Chris Langkow.
12:51 of 1st period - Stopped by Petr Mrazek without a rebound.
12:52 of 1st period - Nick Cousins wins face-off versus Chris Langkow in Americans zone.
12:52 of 1st period - Nick Cousins is hit by Chris Langkow.
13:24 of 1st period - Greg Zanon is hit by Dylan DeMelo and loses puck.
14:44 of 1st period - Mark Van Guilder is hit by Spencer Abbott.
15:12 of 1st period - Snap shot by Kevin Sundher.
15:12 of 1st period - Shot Blocked by Keegan Lowe.
15:14 of 1st period - Wrist shot by Kevin Sundher.
15:14 of 1st period - Stopped by Marek Mazanec with a rebound.
16:11 of 1st period - Wrist shot by Jack Skille.
16:11 of 1st period - Stopped by Marek Mazanec with a rebound.
16:13 of 1st period - Backhand shot by Dylan DeMelo.
16:13 of 1st period - Deflect By Jack Skille.
16:13 of 1st period - Shot Misses the Net.
16:13 of 1st period - Puck is out of play.
16:14 of 1st period - Adam Lowry wins face-off versus Farm Player8 in Phantoms zone.
16:50 of 1st period - Martin Gernat is hit by Dylan DeMelo.
17:06 of 1st period - Slapshot by Mark Van Guilder.
17:06 of 1st period - Stopped by Petr Mrazek without a rebound.
17:07 of 1st period - Nick Cousins wins face-off versus Bryan Lerg in Americans zone.
17:19 of 1st period - Snap shot by Jerome Samson.
17:19 of 1st period - Stopped by Marek Mazanec with a rebound.
17:39 of 1st period - Slapshot by Rasmus Ristolainen.
17:39 of 1st period - Shot Blocked by Garnet Exelby.
17:41 of 1st period - Snap shot by Jerome Samson.
17:41 of 1st period - Deflect By Max Reinhart.
17:41 of 1st period - Stopped by Marek Mazanec with a rebound.
18:01 of 1st period - Adam Lowry is hit by Nick Drazenovic and loses puck.
18:50 of 1st period - Josh Lunden is hit by Max Reinhart and loses puck.
19:17 of 1st period - Snap shot by Nick Drazenovic.
19:17 of 1st period - Deflect By Spencer Abbott.
19:17 of 1st period - Stopped by Marek Mazanec with a rebound.
Goals for this period are 0 for Americans vs 0 for Phantoms.
Shots for this period are 8 for Americans vs 8 for Phantoms.

2nd period


0:01 of 2nd period - Max Reinhart wins face-off versus Adam Lowry in neutral zone.
0:26 of 2nd period - Minor Penalty to Garnet Exelby for Interference.
0:27 of 2nd period - Dmitrij Jaskin wins face-off versus Nick Drazenovic in Phantoms zone.
1:39 of 2nd period - Adam Lowry is hit by Jack Skille and loses puck.
2:26 of 2nd period - Penalty to Garnet Exelby is over, Garnet Exelby is back on ice.
2:40 of 2nd period - Snap shot by Denver Manderson.
2:40 of 2nd period - Shot Misses the Net.
3:09 of 2nd period - Max Reinhart is hit by Martin Gernat and loses puck.
3:30 of 2nd period - Snap shot by Nick Cousins.
3:30 of 2nd period - Shot Blocked by Greg Zanon.
3:32 of 2nd period - Snap shot by Kevin Sundher.
3:32 of 2nd period - Deflect By Jerome Samson.
3:32 of 2nd period - Stopped by Marek Mazanec without a rebound.
3:33 of 2nd period - Bryan Lerg wins face-off versus Nick Cousins in Phantoms zone.
3:38 of 2nd period - Jerome Samson is hit by Zack Stortini and loses puck.
4:21 of 2nd period - Chris Langkow is hit by Rasmus Ristolainen and loses puck.
5:05 of 2nd period - Minor Penalty to Farm Player8 for Tripping.
5:06 of 2nd period - Max Reinhart wins face-off versus Adam Lowry in Americans zone.
5:06 of 2nd period - Max Reinhart is hit by Martin Gernat.
5:19 of 2nd period - Snap shot by Jerome Samson.
5:19 of 2nd period - Deflect By Max Reinhart.
5:19 of 2nd period - Shot Misses the Net.
5:19 of 2nd period - Puck is out of play.
5:20 of 2nd period - Adam Lowry wins face-off versus Jerome Samson in Phantoms zone.
6:20 of 2nd period - Snap shot by Dmitrij Jaskin.
6:20 of 2nd period - Stopped by Petr Mrazek with a rebound.
6:44 of 2nd period - Peter Andersson is hit by Zack Stortini and loses puck.
7:05 of 2nd period - Penalty to Farm Player8 is over, Farm Player8 is back on ice.
7:38 of 2nd period - Zack FitzGerald is hit by Kale Kessy and loses puck.
7:45 of 2nd period - Wrist shot by Kevin Sundher.
7:45 of 2nd period - Stopped by Marek Mazanec with a rebound.
8:07 of 2nd period - Chris Langkow is hit by Dylan DeMelo and loses puck.
8:41 of 2nd period - Kale Kessy is hit by Greg Zanon and loses puck.
9:03 of 2nd period - Spencer Abbott is hit by Greg Zanon.
9:42 of 2nd period - Wrist shot by Nick Cousins.
9:42 of 2nd period - Stopped by Marek Mazanec with a rebound.
9:44 of 2nd period - Slapshot by Jerome Samson.
9:44 of 2nd period - Shot Misses the Net.
10:38 of 2nd period - Wrist shot by Jack Skille.
10:38 of 2nd period - Stopped by Marek Mazanec without a rebound.
10:39 of 2nd period - Mark Van Guilder wins face-off versus Max Reinhart in Phantoms zone.
10:58 of 2nd period - Farm Player8 is hit by Harri Pesonen and loses puck.
11:16 of 2nd period - Minor Penalty to Farm Player8 for Holding.
11:17 of 2nd period - Bryan Lerg wins face-off versus Max Reinhart in Americans zone.
11:55 of 2nd period - Slapshot by Peter Andersson.
11:55 of 2nd period - Shot Misses the Net.
12:12 of 2nd period - Garnet Exelby is hit by Rasmus Ristolainen and loses puck.
12:37 of 2nd period - Snap shot by Zack Stortini.
12:37 of 2nd period - Shot Misses the Net.
12:39 of 2nd period - Slapshot by Martin Gernat.
12:39 of 2nd period - Shot Misses the Net.
12:41 of 2nd period - Wrist shot by Garrett Wilson.
12:41 of 2nd period - Goal by Garrett Wilson - Americans : 0 - Phantoms : 1.
12:42 of 2nd period - Nick Drazenovic wins face-off versus Mark Van Guilder in neutral zone.
13:05 of 2nd period - Mark Van Guilder is hit by Nick Drazenovic and loses puck.
13:25 of 2nd period - Off-side.
13:26 of 2nd period - Bryan Lerg wins face-off versus Kevin Sundher in neutral zone.
13:45 of 2nd period - Off-side.
13:46 of 2nd period - Adam Lowry wins face-off versus Max Reinhart in neutral zone.
14:03 of 2nd period - Wrist shot by Jerome Samson.
14:03 of 2nd period - Stopped by Marek Mazanec with a rebound.
14:54 of 2nd period - Snap shot by Spencer Abbott.
14:54 of 2nd period - Shot Misses the Net.
14:56 of 2nd period - Snap shot by Nick Drazenovic.
14:56 of 2nd period - Stopped by Marek Mazanec without a rebound.
14:57 of 2nd period - Bryan Lerg wins face-off versus Nick Drazenovic in Phantoms zone.
15:23 of 2nd period - Garnet Exelby and Kale Kessy fight to a draw.
15:23 of 2nd period - Penalty to Garnet Exelby for Fighting.
15:23 of 2nd period - Penalty to Kale Kessy for Fighting.
15:24 of 2nd period - Max Reinhart wins face-off versus Adam Lowry in neutral zone.
15:29 of 2nd period - Adam Lowry is hit by Jerome Samson and loses puck.
16:14 of 2nd period - Garrett Wilson is hit by Maxime Sauve and loses puck.
16:21 of 2nd period - Slapshot by Jerome Gauthier-Leduc.
16:21 of 2nd period - Deflect By Bryan Lerg.
16:21 of 2nd period - Stopped by Petr Mrazek with a rebound.
18:36 of 2nd period - Snap shot by Dmitrij Jaskin.
18:36 of 2nd period - Shot Blocked by Maxime Sauve.
18:38 of 2nd period - Wrist shot by Adam Lowry.
18:38 of 2nd period - Stopped by Petr Mrazek with a rebound.
18:58 of 2nd period - Snap shot by Adam Lowry.
18:58 of 2nd period - Stopped by Petr Mrazek with a rebound.
19:00 of 2nd period - Slapshot by Dmitrij Jaskin.
19:00 of 2nd period - Stopped by Petr Mrazek without a rebound.
19:01 of 2nd period - Chris Langkow wins face-off versus Max Reinhart in Americans zone.
19:14 of 2nd period - Wrist shot by Dmitrij Jaskin.
19:14 of 2nd period - Stopped by Petr Mrazek with a rebound.
19:34 of 2nd period - Kevin Sundher is hit by Dmitrij Jaskin and loses puck.
19:35 of 2nd period - Kevin Sundher from Americans is injured at 19:35 of 2nd period (Lower Body).
19:36 of 2nd period - Max Reinhart wins face-off versus Adam Lowry in Americans zone.
Goals for this period are 0 for Americans vs 1 for Phantoms.
Shots for this period are 6 for Americans vs 7 for Phantoms.

3rd period


0:01 of 3rd period - Adam Lowry wins face-off versus Jerome Samson in neutral zone.
0:22 of 3rd period - Slapshot by Rasmus Ristolainen.
0:22 of 3rd period - Shot Misses the Net.
0:24 of 3rd period - Snap shot by Doug Janik.
0:24 of 3rd period - Shot Blocked by Keegan Lowe.
0:25 of 3rd period - Adam Lowry and Doug Janik fight to a draw.
0:25 of 3rd period - Penalty to Adam Lowry for Fighting.
0:25 of 3rd period - Penalty to Doug Janik for Fighting.
0:26 of 3rd period - Max Reinhart wins face-off versus Mark Van Guilder in Phantoms zone.
0:39 of 3rd period - Snap shot by Jerome Samson.
0:39 of 3rd period - Shot Misses the Net.
0:41 of 3rd period - Slapshot by Rasmus Ristolainen.
0:41 of 3rd period - Shot Blocked by Mark Van Guilder.
0:43 of 3rd period - Slapshot by Davis Drewiske.
0:43 of 3rd period - Stopped by Marek Mazanec with a rebound.
0:45 of 3rd period - Slapshot by Rasmus Ristolainen.
0:45 of 3rd period - Shot Misses the Net.
1:31 of 3rd period - Dylan DeMelo is hit by Greg Zanon and loses puck.
2:17 of 3rd period - Martin Gernat is hit by Max Reinhart and loses puck.
2:26 of 3rd period - Nick Cousins is hit by Jonathan Hazen and loses puck.
2:41 of 3rd period - Minor Penalty to Zack FitzGerald for Tripping.
2:42 of 3rd period - Dmitrij Jaskin wins face-off versus Nick Drazenovic in Phantoms zone.
3:17 of 3rd period - Wrist shot by Jack Skille.
3:17 of 3rd period - Shot Misses the Net.
3:19 of 3rd period - Slapshot by Jack Skille.
3:19 of 3rd period - Shot Misses the Net.
4:05 of 3rd period - Jerome Gauthier-Leduc is hit by Maxime Sauve and loses puck.
4:22 of 3rd period - Denver Manderson is hit by Nick Cousins and loses puck.
4:33 of 3rd period - Nick Cousins is hit by Bryan Lerg and loses puck.
4:41 of 3rd period - Penalty to Zack FitzGerald is over, Zack FitzGerald is back on ice.
4:42 of 3rd period - Snap shot by Bryan Lerg.
4:42 of 3rd period - Shot Misses the Net.
4:56 of 3rd period - Nick Cousins is hit by Zack Stortini and loses puck.
5:03 of 3rd period - Wrist shot by Garrett Wilson.
5:03 of 3rd period - Stopped by Petr Mrazek without a rebound.
5:04 of 3rd period - Nick Cousins wins face-off versus Bryan Lerg in Americans zone.
5:09 of 3rd period - Slapshot by Dylan DeMelo.
5:09 of 3rd period - Shot Blocked by Zack Stortini.
5:40 of 3rd period - Off-side.
5:41 of 3rd period - Nick Cousins wins face-off versus Mark Van Guilder in neutral zone.
5:46 of 3rd period - Snap shot by Farm Player9.
5:46 of 3rd period - Deflect By Nick Cousins.
5:46 of 3rd period - Stopped by Marek Mazanec with a rebound.
5:54 of 3rd period - Slapshot by Jerome Gauthier-Leduc.
5:54 of 3rd period - Stopped by Petr Mrazek with a rebound.
5:56 of 3rd period - Wrist shot by Martin Gernat.
5:56 of 3rd period - Stopped by Petr Mrazek with a rebound.
6:54 of 3rd period - Slapshot by Zack Stortini.
6:54 of 3rd period - Deflect By Bryan Lerg.
6:54 of 3rd period - Stopped by Petr Mrazek with a rebound.
6:56 of 3rd period - Snap shot by Zack FitzGerald.
6:56 of 3rd period - Stopped by Petr Mrazek with a rebound.
7:00 of 3rd period - Snap shot by Bryan Lerg.
7:00 of 3rd period - Stopped by Petr Mrazek with a rebound.
7:02 of 3rd period - Slapshot by Keegan Lowe.
7:02 of 3rd period - Shot Blocked by Peter Andersson.
7:04 of 3rd period - Slapshot by Bryan Lerg.
7:04 of 3rd period - Stopped by Petr Mrazek without a rebound.
7:05 of 3rd period - Bryan Lerg wins face-off versus Nick Cousins in Americans zone.
7:41 of 3rd period - Keegan Lowe is hit by Spencer Abbott and loses puck.
8:43 of 3rd period - Wrist shot by Jack Skille.
8:43 of 3rd period - Deflect By Jerome Samson.
8:43 of 3rd period - Stopped by Marek Mazanec with a rebound.
8:45 of 3rd period - Slapshot by Peter Andersson.
8:45 of 3rd period - Shot Misses the Net.
8:47 of 3rd period - Wrist shot by Jack Skille.
8:47 of 3rd period - Shot Blocked by Garnet Exelby.
8:49 of 3rd period - Slapshot by Peter Andersson.
8:49 of 3rd period - Shot Blocked by Garnet Exelby.
8:51 of 3rd period - Slapshot by Peter Andersson.
8:51 of 3rd period - Shot Misses the Net.
9:01 of 3rd period - Slapshot by Rasmus Ristolainen.
9:01 of 3rd period - Shot Blocked by Garnet Exelby.
9:03 of 3rd period - Slapshot by Davis Drewiske.
9:03 of 3rd period - Shot Blocked by Bryan Lerg.
9:05 of 3rd period - Slapshot by Rasmus Ristolainen.
9:05 of 3rd period - Shot Misses the Net.
9:15 of 3rd period - Davis Drewiske is hit by Zack Stortini.
10:23 of 3rd period - Mark Van Guilder is hit by Peter Andersson and loses puck.
10:44 of 3rd period - Rasmus Ristolainen is hit by Martin Gernat and loses puck.
11:01 of 3rd period - Wrist shot by Spencer Abbott.
11:01 of 3rd period - Deflect By Chris Langkow.
11:01 of 3rd period - Shot Misses the Net.
11:01 of 3rd period - Puck is out of play.
11:02 of 3rd period - Nick Drazenovic wins face-off versus Mark Van Guilder in Phantoms zone.
11:15 of 3rd period - Minor Penalty to Mark Van Guilder for Interference.
11:16 of 3rd period - Jack Skille wins face-off versus Dmitrij Jaskin in Phantoms zone.
12:12 of 3rd period - Wrist shot by Jack Skille.
12:12 of 3rd period - Goal by Jack Skille - Americans : 1 - Phantoms : 1.
12:13 of 3rd period - Bryan Lerg wins face-off versus Nick Cousins in neutral zone.
12:16 of 3rd period - Nick Cousins is hit by Garrett Wilson and loses puck.
12:24 of 3rd period - Zack Stortini and Kale Kessy fight to a draw.
12:24 of 3rd period - Penalty to Zack Stortini for Fighting.
12:24 of 3rd period - Penalty to Kale Kessy for Fighting.
12:25 of 3rd period - Spencer Abbott wins face-off versus Bryan Lerg in Americans zone.
12:25 of 3rd period - Spencer Abbott is hit by Garrett Wilson.
12:33 of 3rd period - Snap shot by Nick Drazenovic.
12:33 of 3rd period - Stopped by Marek Mazanec with a rebound.
12:41 of 3rd period - Wrist shot by Spencer Abbott.
12:41 of 3rd period - Stopped by Marek Mazanec with a rebound.
13:23 of 3rd period - Jerome Samson is hit by Garnet Exelby and loses puck.
13:32 of 3rd period - Snap shot by Dmitrij Jaskin.
13:32 of 3rd period - Shot Misses the Net.
13:34 of 3rd period - Snap shot by Martin Gernat.
13:34 of 3rd period - Deflect By Dmitrij Jaskin.
13:34 of 3rd period - Shot Misses the Net.
13:34 of 3rd period - Puck is out of play.
13:35 of 3rd period - Max Reinhart wins face-off versus Mark Van Guilder in Americans zone.
14:16 of 3rd period - Garrett Wilson is hit by Max Reinhart and loses puck.
15:15 of 3rd period - Backhand shot by Adam Lowry.
15:15 of 3rd period - Shot Misses the Net.
15:21 of 3rd period - Keegan Lowe is hit by Rasmus Ristolainen and loses puck.
17:14 of 3rd period - Dylan DeMelo is hit by Keegan Lowe and loses puck.
18:07 of 3rd period - Slapshot by Bryan Lerg.
18:07 of 3rd period - Stopped by Petr Mrazek with a rebound.
18:22 of 3rd period - Davis Drewiske is hit by Greg Zanon and loses puck.
18:27 of 3rd period - Slapshot by Dmitrij Jaskin.
18:27 of 3rd period - Deflect By Rasmus Ristolainen.
18:27 of 3rd period - Stopped by Petr Mrazek with a rebound.
19:12 of 3rd period - Wrist shot by Nick Drazenovic.
19:12 of 3rd period - Deflect By Spencer Abbott.
19:12 of 3rd period - Stopped by Marek Mazanec with a rebound.
19:14 of 3rd period - Slapshot by Davis Drewiske.
19:14 of 3rd period - Deflect By Spencer Abbott.
19:14 of 3rd period - Shot Misses the Net.
19:14 of 3rd period - Puck is out of play.
19:15 of 3rd period - Adam Lowry wins face-off versus Nick Drazenovic in Phantoms zone.
19:40 of 3rd period - Jerome Gauthier-Leduc is hit by Jack Skille.
19:50 of 3rd period - Garrett Wilson is hit by Nick Drazenovic and loses puck.
Goals for this period are 1 for Americans vs 0 for Phantoms.
Shots for this period are 7 for Americans vs 9 for Phantoms.

Overtime #1


0:01 of 1st overtime period - Max Reinhart wins face-off versus Dmitrij Jaskin in neutral zone.
0:08 of 1st overtime period - Snap shot by Rasmus Ristolainen.
0:08 of 1st overtime period - Stopped by Marek Mazanec with a rebound.
0:10 of 1st overtime period - Slapshot by Doug Janik.
0:10 of 1st overtime period - Deflect By Adam Lowry.
0:10 of 1st overtime period - Stopped by Marek Mazanec with a rebound.
0:12 of 1st overtime period - Slapshot by Doug Janik.
0:12 of 1st overtime period - Stopped by Marek Mazanec with a rebound.
0:14 of 1st overtime period - Snap shot by Rasmus Ristolainen.
0:14 of 1st overtime period - Shot Misses the Net.
0:58 of 1st overtime period - Slapshot by Jerome Samson.
0:58 of 1st overtime period - Shot Misses the Net.
1:50 of 1st overtime period - Snap shot by Mark Van Guilder.
1:50 of 1st overtime period - Stopped by Petr Mrazek without a rebound.
1:51 of 1st overtime period - Dmitrij Jaskin wins face-off versus Nick Cousins in Americans zone.
2:02 of 1st overtime period - Snap shot by Dmitrij Jaskin.
2:02 of 1st overtime period - Stopped by Petr Mrazek with a rebound.
2:10 of 1st overtime period - Slapshot by Rasmus Ristolainen.
2:10 of 1st overtime period - Stopped by Marek Mazanec without a rebound.
2:11 of 1st overtime period - Nick Cousins wins face-off versus Dmitrij Jaskin in Phantoms zone.
2:12 of 1st overtime period - Snap shot by Rasmus Ristolainen.
2:12 of 1st overtime period - Deflect By Nick Cousins.
2:12 of 1st overtime period - Shot Blocked by Garnet Exelby.
2:12 of 1st overtime period - Puck is out of play.
2:13 of 1st overtime period - Mark Van Guilder wins face-off versus Nick Cousins in Phantoms zone.
2:28 of 1st overtime period - Wrist shot by Jerome Samson.
2:28 of 1st overtime period - Deflect By Adam Lowry.
2:28 of 1st overtime period - Stopped by Marek Mazanec with a rebound.
2:56 of 1st overtime period - Snap shot by Mark Van Guilder.
2:56 of 1st overtime period - Stopped by Petr Mrazek with a rebound.
3:24 of 1st overtime period - Slapshot by Peter Andersson.
3:24 of 1st overtime period - Stopped by Marek Mazanec with a rebound.
3:45 of 1st overtime period - Icing by Denver Manderson.
3:46 of 1st overtime period - Farm Player8 wins face-off versus Chris Langkow in Phantoms zone.
4:07 of 1st overtime period - Snap shot by Dmitrij Jaskin.
4:07 of 1st overtime period - Shot Misses the Net.
4:09 of 1st overtime period - Slapshot by Garnet Exelby.
4:09 of 1st overtime period - Shot Blocked by Doug Janik.
Goals for this period are 0 for Americans vs 0 for Phantoms.
Shots for this period are 6 for Americans vs 3 for Phantoms.

ShootOut


5:00 of 1st overtime period - Penalty Shot by Max Reinhart for Americans.
5:00 of 1st overtime period - Deke by Max Reinhart.
5:00 of 1st overtime period - Goal by Max Reinhart.
5:00 of 1st overtime period - Penalty Shot by Dmitrij Jaskin for Phantoms.
5:00 of 1st overtime period - Deke by Dmitrij Jaskin.
5:00 of 1st overtime period - Shot Misses the Net.
5:00 of 1st overtime period - Penalty Shot by Jerome Samson for Americans.
5:00 of 1st overtime period - Deke by Jerome Samson.
5:00 of 1st overtime period - Goal by Jerome Samson.
5:00 of 1st overtime period - Penalty Shot by Adam Lowry for Phantoms.
5:00 of 1st overtime period - Deke by Adam Lowry.
5:00 of 1st overtime period - Shot Misses the Net.


Output by the SimonT Hockey Simulator (STHS) for Eric Dolegowski -- Original Page W3C XHTML 1.0 Valid
Hockey Simulator - Hockey Simulation - Hockey Manager